 Dungeon Crawl Stone Soup version 0.29-a0-541-gaf1fc19f1b (webtiles) character file.

Game seed: 2234523079822284215

39 IdlyInterested the Cudgeller (level 3, -1/27 HPs)
             Began as a Demonspawn Gladiator on June 2, 2022.
             Succumbed to a gnoll shaman's poison
             ... on level 2 of the Dungeon.
             The game lasted 00:02:58 (1310 turns).

IdlyInterested the Cudgeller (Demonspawn Gladiator) Turns: 1310, Time: 00:02:59

Health: -1/27      AC:  4    Str: 14    XL:     3   Next: 28%
Magic:  3/3        EV: 12    Int: 11    God:
Gold:   50         SH:  0    Dex: 14    Spells: 2/2 levels left

rFire   . . .      SeeInvis .   a - +0 flail (spect)
rCold   . . .      Faith    .   (no shield)
rNeg    . . .      Spirit   .   b - +0 leather armour
rPois   .          Reflect  .   c - +0 helmet
rElec   .          Harm     .   (no cloak)
rCorr   .          Rampage  .   (no gloves)
Will    .....                   (no boots)
Stlth   +.........              m - amulet of the acrobat
HPRegen 0.09/turn               (no ring)
MPRegen 0.08/turn               (no ring)

@: lethally poisoned (-1 -> -22)
A: demonic magic 1
a: no special abilities


You were on level 2 of the Dungeon.
You visited 1 branch of the dungeon, and saw 2 of its levels.

You collected 50 gold pieces.

Inventory:

Hand Weapons
 a - a +0 spectral flail (weapon)
Missiles
 d - 3 throwing nets (quivered)
 e - a javelin
 j - a stone
Armour
 b - a +0 leather armour (worn)
 c - a +0 helmet (worn)
Jewellery
 m - an amulet of the acrobat (around neck)
Scrolls
 f - a scroll of summoning {unknown}
Potions
 l - a potion of brilliance


   Skills:
 - Level 2.0 Fighting
 * Level 3.2 Maces & Flails
 - Level 2.0 Throwing
 * Level 1.4 Armour
 - Level 2.6 Dodging
 + Level 1.0 Evocations


You had 2 spell levels left.
You didn't know any spells.
Your spell library contained the following spells:

 Spells                   Type           Power      Damage    Failure   Level
 Sting                    Tmut/Pois      0%         1d3       41%         1
 Poisonous Vapours        Pois/Air       0%         N/A       54%         2
 Olgreb's Toxic Radiance  Pois           0%         N/A       99%         4


Dungeon Overview and Level Annotations

Branches:
Dungeon (2/15)

Altars:


Innate Abilities, Weirdness & Mutations

Spells you cast may paralyse adjacent enemies.


Message History

A giant cockroach and a gnoll come into view.
Found a stone staircase leading up.
The gnoll moves out of view.
You see here a +5 rapier of speed.
A gnoll comes into view. It is wielding a +0 halberd.
A gnoll shaman comes into view. It is wielding a +2 whip of venom.
You flicker for a moment.
The gnoll shaman shouts!
The gnoll shouts!
You hear a shout!
You hear an angry hiss.
A gnoll comes into view. It is wielding a +0 spear.
A bat comes into view.
A gnoll comes into view. It is wielding a +0 whip.
The bat barely misses you. The bat attacks as you move away!
The bat closely misses you. The bat completely misses you.
The bat completely misses you.
You closely miss the bat.
Your +0 spectral flail hits the bat!
You kill the bat!
Unknown command.
You flicker back into view.
The gnoll completely misses you.
You sock the gnoll!
The gnoll is severely wounded.
Unknown command.
A ball python comes into view.
The gnoll shaman misses you. The gnoll completely misses you.
You barely miss the gnoll shaman.
The ball python hisses angrily.
The gnoll closely misses you.
The gnoll shaman hits you but does no damage.
You are poisoned.
The gnoll hits you from afar with a +0 spear.
The gnoll shaman closely misses you.
The gnoll shaman attacks as you move away!
The gnoll shaman hits you with a +2 whip of venom!
You are lethally poisoned!
* * * LOW HITPOINT WARNING * * *
You feel very sick.
You hit the gnoll shaman but do no damage.
Your +0 spectral flail hits the gnoll shaman!
You die...

### ..# # ##.# .
..# #. ..#######
#.#####........
..<#...)##gg....g.
.......(gg.Bg.....
#######@#####.#...
...#.#.....#
##.#.#<#.###.#
##....#........
#...)...######.
#........?....
#.......#.#.##
####...####
#......#


You could see a gnoll shaman, 4 gnolls, a giant cockroach and a friendly +0
spectral flail (summoned, wandering).

Vanquished Creatures
  An adder (D:2)
  5 bats
  4 endoplasms
  A giant cockroach (D:1)
  3 hobgoblins (D:1)
  5 ball pythons (D:1)
  A frilled lizard (D:1)
  5 kobolds (D:1)
  4 rats (D:1)
29 creatures vanquished.

Notes
Turn   | Place    | Note
-------+----------+-------------------------------------------
     0 | D:1      | IdlyInterested the Demonspawn Gladiator began the quest for
                  | the Orb.
     0 | D:1      | Reached XP level 1. HP: 16/16 MP: 1/1
   137 | D:1      | Gained mutation: Spells you cast may paralyse adjacent
                  | enemies. [demonic ancestry]
   137 | D:1      | Reached XP level 2. HP: 22/22 MP: 2/2
   456 | D:1      | Reached skill level 1 in Evocations
   529 | D:1      | Reached skill level 3 in Maces & Flails
   565 | D:1      | Reached skill level 1 in Armour
  1281 | D:2      | Reached XP level 3. HP: 27/27 MP: 3/3
  1310 | D:2      | Succumbed to a gnoll shaman's poison

Illustrated notes

Levels and vault maps discovered:
D:1:      elethiomel_arrival_infinity_welcomes_careful_drivers,
          layout_loops_ring, chequers_serial_rivers_small_a
D:2:      layout_basic, kennysheep_generic_room_10, uniq_crazy_yiuf_cottage,
          uniq_sigmund

Skill      XL: |  1  2  3 |
---------------+----------+-----
Evocations     | 1 |  1.0
Maces & Flails | 3 |  3.2
Armour         | 1 |  1.4
Throwing       | 2 |  2.0
Fighting       | |  2.0
Dodging        | |  2.6

Action                   || total
-------------------------++-------
Melee: Flail             ||    81
       Punch             ||     1
  Use: Scroll            ||     4
       Potion            ||     2
 Stab: Sleeping          ||     1
Armor: Leather armour    ||    31
Dodge: Dodged            ||    54

Table legend: (Time is in decaauts)
 A = Elapsed time spent in this place.
 B = Non-inter-level travel time spent in this place.
 C = Inter-level travel time spent in this place.
 D = Time resting spent in this place.
 E = Time spent auto-exploring this place.
 F = Levels seen in this place.
 G = Mean time per level.
                   A        B        C        D        E       F      G
               +--------+--------+--------+--------+--------+-----+--------+
         Total |   1332 |   1315 |     17 |    255 |    802 |   2 |  666.0 |
       Dungeon |   1332 |   1315 |     17 |    255 |    802 |   2 |  666.0 |
               +--------+--------+--------+--------+--------+-----+--------+

Top non-repeatable levels by time:
     D:1: 1298 daAuts
     D:2: 33 daAuts
